Map: Dreamcatcher LE

Players

Semper - Winner!

  • Race: Terran Terran
  • Spawn Location: 11:00

puCK (Nina)

  • Race: Protoss Protoss
  • League: Grandmaster
  • Spawn Location: 5:00

Event: WCS Austin 2018

VOD

Have the link to the VOD?

Description

Time

  • Played on: June 1, 2018, 11:02 p.m.
  • Length: 17:19

All games in this series

Show
View Real Time Build Order
Export as new Build Order

Semper Terran - Winner!

Build Orders: Reaper Expand, MMM Bio 

Get SALT Encoding   

  12  0:00  SCV  
  13  0:13  SCV  
  14  0:17  Supply Depot  
  14  0:25  SCV  
  15  0:38  SCV  
  15  0:40  Barracks  
  16  0:44  Refinery  
  16  0:51  SCV  
  17  1:03  SCV  
  18  1:15  SCV  
  19  1:27  Orbital Command  
  19  1:28  Reaper  
  20  1:42  Command Center  
  20  1:52  Supply Depot  
  20  1:53  SCV  
  21  2:00  Marine  
  22  2:05  SCV  
  23  2:14  Factory  
  23  2:15  Refinery  
  23  2:18  SCV  
  24  2:23  Barracks Reactor  
  24  2:30  SCV  
  25  2:44  SCV  
  26  2:56  SCV  
  26  2:58  Starport, Widow Mine  
  29  3:00  Orbital Command  
  29  3:01  Marine x2  
  31  3:08  SCV  
  32  3:18  Marine  
  32  3:19  Widow Mine, Marine  
  35  3:22  SCV  
  36  3:28  SCV  
  36  3:34  Supply Depot  
  37  3:35  SCV, Medivac  
  37  3:36  Marine x2  
  37  3:40  SCV  
  43  3:44  Factory Tech Lab  
  43  3:45  Barracks  
  43  3:49  Supply Depot, SCV  
  43  3:54  Marine x2  
  46  3:59  SCV  
  46  4:01  SCV  
  48  4:06  Barracks  
  48  4:11  SCV  
  48  4:13  Marine  
  48  4:15  Bunker  
  48  4:16  SCV  
  51  4:19  Supply Depot  
  51  4:23  Starport Tech Lab, SCV  
  52  4:28  SCV  
  52  4:30  Engineering Bay  
  53  4:35  Refinery, SCV, Marine x2  
  53  4:36  Factory Reactor  
  56  4:44  SCV  
  57  4:52  SCV  
  58  4:54  Marauder, Marine  
  58  4:55  Stimpack  
  58  4:57  Engineering Bay, SCV  
  62  5:00  Supply Depot  
  62  5:01  Starport Reactor  
  62  5:02  Combat Shield  
  62  5:04  Marauder  
  64  5:09  SCV  
  64  5:11  Marine  
  64  5:14  Terran Infantry Weapons Level 1  
  66  5:16  SCV  
  66  5:18  Missile Turret  
  66  5:20  Marauder  
  69  5:22  Marine  
  69  5:24  Supply Depot  
  69  5:27  SCV  
  72  5:28  SCV  
  72  5:32  Refinery  
  72  5:33  Marauder, Marine  
  75  5:39  SCV  
  75  5:41  Supply Depot, Medivac  
  78  5:45  Medivac  
  78  5:47  SCV  
  81  5:51  Marine x2, Factory Tech Lab  
  81  5:52  Marauder  
  85  6:03  SCV  
  83  6:05  SCV  
  83  6:07  Marauder  
  83  6:09  Marine  
  85  6:15  Marauder, Marine  
  88  6:18  Medivac x2  
  92  6:25  SCV  
  92  6:27  Marine  
  92  6:29  Supply Depot  
  92  6:30  Siege Tank, Supply Depot  
  92  6:31  Marauder  
  99  6:33  Marine  
  99  6:36  Marauder  
  102  6:42  Command Center  
  102  6:47  Marine  
  102  6:52  Marauder  
  102  6:54  Terran Infantry Armor Level 1  
  104  6:56  SCV x2  
  104  6:59  Marauder  
  104  7:01  Marine  
  108  7:02  Siege Tank  
  108  7:08  SCV  
  111  7:19  Marine  
  111  7:20  Marauder  
  103  7:24  Marine  
  103  7:25  Marauder  
  103  7:26  SCV  
  103  7:27  SCV  
  106  7:37  Marine  
  106  7:38  SCV  
  106  7:40  Command Center  
  106  7:41  Marauder, Marine, Medivac  
  113  7:46  Marauder  
  113  7:49  SCV  
  113  7:50  Supply Depot, SCV  
  117  7:52  Supply Depot  
  117  7:55  Marine  
  118  8:10  Supply Depot  
  118  8:11  Marauder, SCV x2, Marine  
  123  8:13  Marauder, Marine  
  126  8:26  SCV x2  
  128  8:29  Marine  
  128  8:31  Marine  
  131  8:34  Marauder  
  131  8:36  Barracks  
  131  8:37  Barracks  
  131  8:38  Armory, SCV  
  134  8:45  Medivac x2  
  134  8:47  Marine  
  139  8:50  Siege Tank  
  139  8:55  Orbital Command  
  140  9:02  Marine  
  124  9:03  Marauder, Marine  
  124  9:09  Factory, Marine  
  128  9:16  Sensor Tower  
  128  9:21  Marauder, Marine  
  128  9:22  Siege Tank  
  128  9:24  Marauder, Barracks Tech Lab  
  132  9:25  Refinery  
  132  9:26  Refinery, SCV  
  132  9:27  Marine  
  136  9:31  Terran Infantry Weapons Level 2  
  136  9:33  Missile Turret  
  136  9:41  Missile Turret  
  136  9:44  Marine  
  136  9:45  Marauder  
  139  9:47  Terran Infantry Armor Level 2  
  139  9:48  SCV  
  139  9:49  SCV x2, Liberator  
  139  9:50  Liberator  
  142  9:54  Siege Tank  
  142  9:56  Marine  
  142  9:57  Marauder, Marine  
  144  10:04  Marine x3  
  144  10:06  Marauder  
  152  10:10  Terran Vehicle Weapons Level 1  
  152  10:12  Factory Tech Lab  
  156  10:14  SCV x2  
  156  10:21  Command Center  
  157  10:22  Missile Turret, Supply Depot  
  157  10:24  Supply Depot  
  157  10:43  Marine x4  
  157  10:44  Marauder, Siege Tank  
  157  10:45  Siege Tank, Marine x2  
  169  10:57  Barracks  
  169  10:59  Barracks, Liberator  
  169  11:00  Barracks  
  169  11:01  Marine x2  
  169  11:02  Marauder  
  169  11:04  Marine  
  173  11:08  Marine, Liberator  
  173  11:14  Supply Depot  
  173  11:15  Supply Depot  
  173  11:16  Marauder, Marine  
  179  11:19  Marauder  
  179  11:24  Starport  
  179  11:25  Fusion Core  
  180  11:26  Marauder  
  179  11:35  Siege Tank  
  182  11:52  SCV, Liberator x2  
  183  11:55  Sensor Tower  
  186  12:08  Marauder, Marine  
  184  12:19  Factory Reactor, Liberator  
  184  12:21  Barracks Tech Lab x3  
  182  12:24  Marine  
  183  12:34  Liberator x2, Marine  
  183  12:35  Marauder, Advanced Ballistics  
  189  12:37  Marine x3  
  189  12:38  Marauder  
  189  12:39  Marine x2  
  189  12:40  Marauder  
  176  12:52  Siege Tank  
  173  13:01  Marine  
  173  13:02  Marauder  
  173  13:05  Planetary Fortress  
  148  13:06  Marine x5  
  148  13:07  Marauder, Marine  
  148  13:11  Marine  
  146  13:19  Marine  
  136  13:23  Marauder  
  136  13:24  Siege Tank, Marine x5  
  136  13:25  Marauder  
  146  13:28  Marine  
  127  13:37  Marine  
  125  13:42  SCV x3, Marine x4  
  125  13:43  Marauder  
  125  13:45  Marauder  
  125  13:46  Marine x2  
  138  13:51  Sensor Tower  
  138  13:52  SCV  
  138  13:54  SCV x2, Marine  
  142  13:56  Siege Tank  
  142  14:00  Marine x3  
  149  14:04  Marauder x2  
  149  14:06  Marauder  
  156  14:10  Barracks Tech Lab x2  
  156  14:12  Marine  
  155  14:17  Marine  
  155  14:18  Marine  
  155  14:20  Liberator  
  155  14:22  Marine  
  158  14:25  Marauder x2  
  158  14:27  Marauder  
  158  14:28  Siege Tank x2  
  158  14:30  Marine  
  171  14:37  Medivac x2  
  170  14:39  Liberator  
  170  14:45  Marine x3  
  168  14:46  Marauder  
  168  14:47  Marauder, Marine  
  168  14:48  Marine  
  175  14:59  Refinery  
  175  15:00  Refinery, Siege Tank  
  175  15:01  Siege Tank  
  175  15:03  Marauder, Liberator, Marine  
  175  15:04  Marine  
  175  15:06  Marauder  
  185  15:08  Ghost Academy  
  185  15:12  Command Center  
  185  15:20  Medivac  
  190  15:32  Siege Tank  
  190  15:34  Marine  
  188  15:36  Siege Tank  
  189  15:44  Marine x2, Ghost x2  
  189  15:45  Marauder, Ghost  
  193  15:51  Marine  
  186  16:01  Marine  
  186  16:03  Marine  
  186  16:04  Marauder, Marine  
  168  16:05  Siege Tank, Marine  
  170  16:12  Marine  
  170  16:13  Marine x3  
  170  16:14  Medivac  
  170  16:17  Siege Tank  
  179  16:19  Marine  
  179  16:21  Marine  
  179  16:24  Marauder, Marine  
  168  16:33  Marine  
  169  16:40  Marine  
  169  16:44  Marine  
  169  16:45  Marauder, Marine  
  169  16:46  Siege Tank  
  177  16:47  Marine  
  177  16:49  Marauder, Marine x2  
  177  16:51  Marine  
  183  16:57  Marine  
Show
View Real Time Build Order
Export as new Build Order

puCK Protoss 

Build Orders: 1 Gate Expand, Blink Stalkers 

Get SALT Encoding   

  12  0:00  Probe  
  13  0:12  Probe  
  14  0:19  Pylon  
  14  0:24  Probe  
  15  0:33  Probe  
  15  0:38  Gateway  
  15  0:41  Probe  
  16  0:49  Assimilator  
  17  0:51  Probe  
  18  1:03  Probe  
  19  1:15  Probe  
  20  1:25  Nexus  
  20  1:35  Cybernetics Core  
  20  1:40  Probe  
  20  1:45  Assimilator  
  21  1:52  Pylon  
  22  1:54  Probe  
  22  2:02  Adept  
  22  2:06  Probe  
  23  2:13  Warp Gate  
  24  2:18  Probe  
  24  2:21  Twilight Council  
  25  2:26  Stalker  
  25  2:30  Probe  
  28  2:40  Probe  
  28  2:42  Probe  
  30  2:52  Probe  
  30  2:54  Probe  
  30  2:55  Blink  
  32  3:04  Probe  
  33  3:06  Probe  
  33  3:16  Probe  
  34  3:20  Probe, Gateway  
  34  3:26  Probe  
  35  3:28  Probe  
  35  3:30  Gateway  
  37  3:35  Probe  
  37  3:37  Probe, Stalker  
  41  3:43  Probe  
  41  3:47  Assimilator  
  42  3:49  Probe  
  42  3:50  Assimilator  
  42  3:55  Probe  
  44  3:58  Pylon  
  44  4:01  Probe  
  45  4:07  Probe, Robotics Facility  
  46  4:15  Pylon  
  46  4:16  Probe  
  47  4:19  Probe  
  48  4:25  Stalker x2  
  48  4:28  Probe  
  51  4:33  Probe  
  51  4:36  Forge  
  51  4:37  Stalker  
  54  4:48  Observer  
  54  4:51  Probe  
  56  5:00  Protoss Ground Weapons Level 1, Robotics Bay  
  56  5:01  Probe  
  56  5:07  Pylon  
  57  5:09  Observer  
  58  5:15  Pylon  
  58  5:17  Stalker x2  
  62  5:23  Observer  
  62  5:25  Stalker  
  64  5:33  Nexus  
  65  5:40  Stalker  
  67  5:45  Robotics Facility  
  67  5:46  Observer  
  68  5:51  Probe  
  68  5:52  Stalker  
  71  6:05  Disruptor  
  71  6:12  Charge  
  74  6:23  Gateway  
  74  6:24  Stalker x2  
  74  6:25  Gateway x2  
  78  6:29  Pylon  
  78  6:43  Pylon  
  78  6:44  Disruptor x2  
  84  6:49  Stalker x2  
  84  6:50  Probe x3  
  91  6:55  Protoss Ground Armor Level 1  
  91  7:00  Pylon  
  91  7:02  Probe x3  
  93  7:08  Zealot  
  93  7:13  Zealot  
  93  7:14  Probe  
  93  7:15  Disruptor  
  98  7:18  Stalker  
  96  7:30  Probe  
  96  7:35  Nexus  
  96  7:39  Pylon  
  96  7:41  Zealot  
  96  7:42  Observer  
  96  7:43  Probe  
  100  7:45  Probe  
  101  7:53  Disruptor  
  101  7:55  Probe  
  105  8:03  Pylon x2  
  105  8:05  Observer  
  103  8:17  Pylon  
  103  8:21  Probe  
  103  8:24  Gateway  
  103  8:26  Disruptor, Probe  
  108  8:29  Disruptor  
  111  8:38  Zealot x4  
  111  8:39  Probe, Zealot  
  111  8:40  Probe  
  123  8:47  Probe  
  124  8:51  Probe  
  125  9:01  Disruptor  
  123  9:04  Zealot x5  
  123  9:05  Zealot  
  123  9:08  Probe  
  138  9:19  Protoss Ground Weapons Level 2  
  138  9:22  Assimilator  
  136  9:27  Assimilator  
  136  9:34  Disruptor  
  136  9:37  Pylon  
  139  9:39  Nexus  
  139  9:49  Immortal  
  139  9:52  Observer  
  129  10:02  Zealot x4  
  129  10:03  Zealot x2  
  140  10:10  Immortal  
  144  10:16  Observer  
  144  10:28  Pylon  
  144  10:29  Observer, Zealot x5  
  144  10:30  Zealot  
  157  10:37  Pylon  
  157  10:57  Zealot x3  
  157  10:58  Zealot x4  
  171  11:07  Disruptor x2  
  177  11:11  Templar Archives  
  177  11:15  Gateway  
  177  11:17  Gateway x2  
  177  11:30  Probe x3  
  177  11:32  Pylon x2  
  177  11:33  Probe  
  177  11:39  Stargate  
  181  11:40  Stargate  
  181  11:41  Protoss Ground Weapons Level 3  
  179  11:47  Pylon  
  179  11:49  Pylon  
  177  11:55  Zealot x6  
  177  11:58  Zealot  
  181  12:02  Probe x2  
  181  12:03  Zealot x2  
  181  12:06  Probe  
  181  12:07  Probe  
  183  12:14  Probe  
  177  12:23  Psionic Storm  
  177  12:29  Fleet Beacon  
  177  12:37  Assimilator, Nexus  
  177  12:38  Pylon  
  177  12:39  Zealot  
  177  12:40  High Templar x2  
  177  12:41  Assimilator  
  177  12:46  Zealot x2  
  177  12:48  Pylon  
  177  12:50  Zealot x2  
  154  13:02  Zealot x2  
  154  13:03  Zealot x2  
  142  13:18  Zealot x6  
  132  13:39  Observer  
  132  13:41  Stalker x9  
  116  13:42  Stalker  
  116  13:47  Probe x4  
  136  13:51  Probe  
  136  13:55  Observer x2  
  138  14:05  High Templar x7  
  138  14:06  High Templar x3  
  138  14:09  Archon  
  156  14:10  Archon x3  
  150  14:38  Stalker  
  148  14:40  Stalker x2  
  148  14:42  Stalker x2  
  151  14:47  Probe x2, Pylon  
  153  14:55  Probe  
  153  14:57  Probe x2  
  153  14:59  Probe x2  
  158  15:07  Probe, High Templar x7  
  173  15:21  Zealot x3  
  173  15:23  Archon x2  
  173  15:24  Archon  
  173  15:40  Stalker x6  
  181  15:47  Stalker  
  181  15:48  Stalker  
  120  16:05  Zealot x6  
  109  16:14  High Templar x4  
  117  16:31  Nexus  
  106  16:33  Zealot x3  
  110  16:44  High Templar x2  
  110  16:46  Zealot x4  
  106  17:08  Zealot x3  
  106  17:09  Zealot x2  
Tags
 
Add a new tag
Caveats
  • Supply blocks, unpowered buildings, or Contaminate may cause inaccurate times.
  • Supply counts are checked every 10 seconds.